Map: Catalyst LE

Players

Bombs

  • Race: Terran Terran
  • Spawn Location: 5:00

A.I. 2 (Elite) - Winner!

  • Race: Zerg Zerg
  • Spawn Location: 11:00

VOD

Have the link to the VOD?

Description

Time

  • Played on: Feb. 21, 2018, 8:33 p.m.
  • Length: 30:59
Show
View Real Time Build Order
Export as new Build Order

Bombs Terran 

Build Orders: Liberator Opening, Bio Tank 

Get SALT Encoding   

  12  0:01  SCV  
  13  0:13  SCV  
  14  0:17  Supply Depot  
  14  0:25  SCV  
  15  0:29  Refinery  
  15  0:39  SCV  
  16  0:45  Barracks  
  16  0:51  SCV  
  17  1:03  SCV  
  18  1:15  SCV  
  19  1:33  Barracks Reactor  
  19  1:34  Orbital Command  
  19  1:48  Command Center  
  19  1:58  Factory  
  19  2:02  SCV  
  20  2:10  Supply Depot  
  20  2:14  SCV  
  21  2:19  Marine x2  
  23  2:24  Refinery  
  23  2:32  SCV  
  24  2:38  Marine x2  
  24  2:44  SCV  
  27  2:46  Starport  
  27  2:49  Factory Tech Lab  
  27  2:56  SCV  
  28  2:58  Marine x2  
  28  3:05  Orbital Command  
  30  3:09  SCV  
  31  3:17  Siege Tank  
  34  3:23  SCV  
  35  3:27  Liberator  
  35  3:28  Marine x2  
  35  3:31  SCV  
  38  3:35  SCV  
  38  3:39  Supply Depot  
  39  3:41  Bunker  
  39  3:48  SCV x2  
  44  4:00  SCV  
  44  4:01  SCV  
  46  4:03  Siege Tank  
  46  4:06  Supply Depot  
  46  4:07  Marine  
  46  4:09  Marine  
  51  4:12  SCV  
  51  4:13  SCV  
  54  4:24  SCV  
  54  4:27  SCV  
  54  4:28  Supply Depot  
  54  4:30  Marine  
  54  4:31  Marine  
  57  4:36  SCV  
  58  4:39  Refinery  
  58  4:40  Barracks  
  58  4:41  Refinery  
  58  4:43  Barracks  
  58  4:45  SCV  
  59  4:47  Starport Reactor  
  59  4:50  Engineering Bay, SCV  
  60  4:54  Supply Depot  
  60  4:57  SCV  
  60  4:59  Marine x2  
  63  5:02  SCV  
  64  5:09  SCV  
  64  5:14  Siege Tank, SCV  
  69  5:20  Supply Depot  
  69  5:21  SCV  
  69  5:22  Marine x2  
  69  5:24  Terran Infantry Weapons Level 1  
  69  5:26  SCV  
  73  5:32  Barracks Tech Lab x2  
  73  5:34  SCV  
  73  5:35  Barracks  
  74  5:37  Barracks  
  74  5:39  SCV  
  74  5:40  Marine  
  76  5:44  Supply Depot  
  76  5:45  Supply Depot  
  76  5:54  SCV  
  76  5:55  Siege Tank, Combat Shields  
  76  5:56  Stimpack  
  80  5:59  Medivac x2  
  80  6:02  Marine x2  
  86  6:05  Marine  
  86  6:07  Supply Depot  
  86  6:10  Supply Depot  
  87  6:11  Marine  
  88  6:20  Marine x2  
  88  6:23  Marine  
  88  6:24  Barracks Reactor x2  
  91  6:34  Marine  
  91  6:35  Siege Tank  
  91  6:36  Medivac x2  
  91  6:38  Marine x2  
  101  6:41  Supply Depot  
  101  6:42  Supply Depot, Marine  
  102  6:52  Marine  
  103  6:56  Marine x2  
  103  6:59  Marine  
  106  7:06  Medivac x2  
  106  7:07  Siege Tank  
  113  7:10  Marine  
  113  7:11  Marine  
  113  7:12  Marine x3  
  113  7:13  Marine  
  113  7:14  Marine  
  120  7:17  Marine  
  120  7:19  Supply Depot  
  121  7:27  Marine  
  121  7:29  Marine  
  122  7:30  Marine x3  
  122  7:31  Marine x2  
  122  7:35  Marine  
  129  7:38  Medivac x2  
  129  7:40  Siege Tank  
  129  7:42  Supply Depot  
  129  7:43  Supply Depot  
  136  7:45  Marine  
  137  7:52  Marine x5  
  137  7:58  Marine x2  
  142  8:03  Marine  
  145  8:06  Supply Depot  
  145  8:07  Supply Depot  
  145  8:10  Medivac x2, Marine x2  
  151  8:12  Siege Tank  
  154  8:33  Marine x8  
  162  8:40  Medivac x2  
  166  8:45  Siege Tank  
  167  8:59  Marine x2, Unknown  
  166  9:11  Unknown  
  166  9:16  Marine  
  166  9:17  Marine x2  
  164  9:20  Marine x5  
  164  9:21  Medivac x2, Siege Tank  
  178  9:34  Marine x3  
  178  9:37  Marine  
  182  9:50  Marine x2  
Show
View Real Time Build Order
Export as new Build Order

A.I. 2 (Elite) Zerg - Winner!

Build Orders: Hatch First 

Get SALT Encoding   

  12  0:00  Drone  
  13  0:12  Overlord  
  13  0:17  Drone  
  14  0:31  Drone x2  
  14  0:34  Drone  
  17  0:56  Hatchery  
  16  0:57  Drone  
  17  1:12  Spawning Pool  
  17  1:15  Drone  
  17  1:18  Extractor  
  16  1:20  Drone  
  16  1:24  Drone  
  18  1:28  Drone  
  19  1:38  Overlord  
  19  1:49  Drone  
  20  2:00  Queen, Zergling x2  
  23  2:07  Drone  
  24  2:16  Queen  
  24  2:21  Drone  
  27  2:34  Roach Warren  
  27  2:35  Extractor  
  25  2:37  Drone  
  25  2:40  Drone  
  27  2:47  Overlord  
  27  2:51  Drone  
  28  2:54  Drone  
  28  2:58  Drone  
  30  3:00  Drone  
  30  3:04  Drone  
  32  3:07  Zergling x2  
  32  3:10  Zergling x2  
  34  3:15  Roach  
  38  3:20  Roach  
  38  3:24  Roach  
  40  3:27  Roach  
  40  3:30  Drone  
  40  3:32  Drone  
  44  3:38  Overlord  
  44  3:44  Lair  
  44  3:49  Metabolic Boost  
  44  3:54  Overlord  
  44  3:57  Drone  
  44  3:59  Drone  
  44  4:01  Drone  
  47  4:03  Zergling x2  
  47  4:06  Zergling x2  
  47  4:08  Zergling x2  
  50  4:15  Evolution Chamber, Drone  
  50  4:19  Evolution Chamber  
  50  4:21  Drone  
  50  4:22  Drone  
  51  4:25  Drone  
  51  4:27  Drone  
  51  4:30  Drone  
  54  4:42  Zerg Missile Weapons Level 1  
  54  4:44  Zerg Ground Armor Level 1  
  54  4:46  Drone, Hydralisk Den  
  54  4:49  Overlord  
  56  4:53  Roach  
  56  4:55  Roach  
  58  5:07  Drone, Overlord  
  58  5:08  Drone, Extractor  
  58  5:09  Drone  
  58  5:11  Drone  
  58  5:12  Drone  
  62  5:14  Drone  
  62  5:16  Drone, Hydralisk  
  62  5:19  Hydralisk  
  68  5:25  Drone  
  69  5:29  Infestation Pit  
  69  5:32  Overlord  
  69  5:34  Drone  
  69  5:36  Drone  
  69  5:38  Drone  
  69  5:39  Drone  
  69  5:41  Drone  
  73  5:43  Drone  
  74  5:50  Roach, Drone, Overlord  
  74  5:53  Roach  
  74  5:55  Roach  
  81  6:05  Infestor  
  81  6:07  Roach, Extractor  
  81  6:08  Drone, Overlord  
  81  6:09  Infestor  
  87  6:16  Evolution Chamber  
  87  6:17  Drone  
  87  6:27  Hatchery, Drone  
  87  6:29  Drone x2, Overlord  
  87  6:30  Drone  
  87  6:31  Ravager  
  91  6:34  Roach  
  91  6:36  Zerg Melee Weapons Level 1  
  93  6:41  Ravager  
  93  6:43  Roach  
  96  6:47  Hydralisk  
  96  6:48  Overlord  
  96  6:52  Hydralisk  
  100  7:06  Infestor  
  102  7:14  Overseer  
  102  7:24  Infestor, Overlord  
  102  7:27  Roach  
  102  7:29  Roach  
  108  7:32  Roach  
  110  7:37  Spine Crawler  
  110  7:39  Drone x4  
  110  7:40  Spine Crawler, Drone x3  
  110  7:41  Drone x3  
  117  7:45  Zerg Missile Weapons Level 2  
  117  7:46  Overlord  
  117  7:49  Drone x2  
  119  7:52  Drone  
  119  7:53  Drone x2  
  119  7:54  Extractor  
  119  7:56  Extractor  
  121  7:58  Drone  
  121  8:00  Drone x2  
  123  8:06  Zerg Ground Armor Level 2  
  123  8:08  Overlord  
  123  8:09  Drone x3  
  123  8:10  Drone  
  123  8:12  Drone  
  129  8:20  Drone  
  129  8:21  Drone  
  129  8:23  Drone  
  129  8:25  Drone  
  132  8:27  Overlord  
  132  8:28  Spore Crawler  
  132  8:29  Pathogen Glands, Drone  
  132  8:33  Spore Crawler  
  131  8:34  Drone  
  131  8:37  Queen  
  131  8:39  Zergling x2  
  131  8:41  Zergling x8  
  137  8:46  Roach, Overlord  
  137  8:47  Zergling x2  
  138  8:50  Baneling Nest  
  138  8:53  Drone, Zergling x2  
  129  8:56  Roach x2, Zergling x4  
  103  9:04  Roach  
  103  9:05  Roach  
  103  9:07  Roach  
  105  9:12  Zergling x6  
  105  9:13  Ravager  
  105  9:15  Zergling x4  
  108  9:19  Zergling x2  
  108  9:20  Spine Crawler  
  94  9:25  Infestor x2  
  94  9:28  Zergling x6  
  94  9:29  Zergling x2  
  94  9:30  Zerg Melee Weapons Level 2  
  102  9:33  Overseer  
  102  9:35  Baneling  
  102  9:36  Zergling x2  
  102  9:37  Zergling x2  
  93  9:39  Queen  
  93  9:40  Zergling x2  
  93  9:43  Zergling x4  
  93  9:44  Zergling x2  
  96  9:47  Lurker Den, Zergling x2, Ravager  
  95  9:48  Zergling x2  
Tags
 
Add a new tag
Caveats
  • Supply blocks, unpowered buildings, or Contaminate may cause inaccurate times.
  • Supply counts are checked every 10 seconds.